 Dungeon Crawl Stone Soup version 0.30-a0-626-gd6a5dd7a1f (webtiles) character file.

Game seed: 3823167258800388516

37 KennySheep the Stinger (level 3, -8/26 HPs)
             Began as a Demigod Venom Mage on Jan 12, 2023.
             Killed from afar by Terence (18 damage)
             ... with a bolt of dispelling energy
             ... on level 2 of the Dungeon.
             The game lasted 00:01:54 (1603 turns).

KennySheep the Stinger (Demigod Venom Mage)         Turns: 1603, Time: 00:01:55

Health: -8/26      AC:  2    Str: 13    XL:     3   Next: 7%
Magic:  6/9        EV: 12    Int: 17    God:
Gold:   72         SH:  0    Dex: 14    Spells: 5/6 levels left

rFire   . . .      SeeInvis .    c - +0 dagger
rCold   . . .      Faith    .    (no shield)
rNeg    . . .      Spirit   .    a - +0 robe
rPois   .          Reflect  .    (no helmet)
rElec   .          Harm     .    (no cloak)
rCorr   .          Rampage  .    (no gloves)
Will    .....                    (no boots)
Stlth   ++                       (no amulet)
HPRegen 0.24/turn                (no ring)
MPRegen 0.11/turn                (no ring)

@: no status effects
A: high MP 1, forlorn, divine attributes
a: no special abilities


You were on level 2 of the Dungeon.
You visited 1 branch of the dungeon, and saw 2 of its levels.

You collected 72 gold pieces.

Inventory:

Hand Weapons
 c - a +0 dagger (weapon)
Missiles
 d - 2 throwing nets
Armour
 a - a +0 robe (worn)
Wands
 k - a wand of polymorph (9)
Scrolls
 e - a scroll of amnesia
 g - a scroll of immolation
 h - a scroll of fear {unknown}
 j - a scroll of blinking {unknown}
 l - a scroll of torment {unknown}
Potions
 b - a potion of magic
 f - a potion of degeneration {unknown}
 i - a potion of ambrosia {unknown}
 m - a potion of attraction {unknown}


   Skills:
 - Level 1.7 Dodging
 - Level 1.7 Stealth
 + Level 2.2 Spellcasting
 - Level 0.8 Transmutations
 * Level 3.6 Poison Magic


You had 5 spell levels left.
You knew the following spells:

 Your Spells              Type           Power      Damage    Failure   Level
a - Sting                 Tmut/Pois      36%        1d4       8%          1

Your spell library contained the following spells:

 Spells                   Type           Power      Damage    Failure   Level
 Poisonous Vapours        Pois/Air       16%        N/A       14%         2
 Shock                    Conj/Air       4%         1d3       19%         1
 Mephitic Cloud           Conj/Pois/Air  6%         N/A       34%         3
 Olgreb's Toxic Radiance  Pois           14%        N/A       38%         4
 Swiftness                Air            1%         N/A       50%         3
 Airstrike                Air            0%         2d(1-17)  88%         4


Dungeon Overview and Level Annotations

Branches:
Dungeon (2/15)

Annotations:
D:2 Terence


Innate Abilities, Weirdness & Mutations

You have an increased reservoir of magic. (+10% MP)
You shall have no god before yourself.
Your divine heritage dramatically boosts your attributes as you level up.


Message History

l - a scroll labelled XOLEUN NIESSATZ
m - a fuming amethyst potion You open the door.
There is an open door here.
An endoplasm comes into view.
Found a stone staircase leading up.
An endoplasm is nearby!
An endoplasm is nearby!
You can't see any susceptible monsters within range! (Use Z to cast anyway.)
The sting hits the endoplasm.
The endoplasm partially resists.
The endoplasm is poisoned.
The endoplasm is lightly wounded.
The endoplasm quivers.
The sting hits the endoplasm.
The endoplasm partially resists.
The endoplasm is heavily wounded.
The sting misses the endoplasm.
The endoplasm closely misses you.
The sting hits the endoplasm.
The endoplasm looks even sicker.
The endoplasm is almost dead.
You kill the endoplasm!
You can't see any susceptible monsters within range! (Use Z to cast anyway.)
Found a stone staircase leading down.
You open the door.
Found a scale mail.
Terence the Incautious comes into view.
He is wielding a +0 trident and carrying a wand of quicksilver (9).
There is an open door here.
Terence is nearby!
A rat comes into view.
Terence shouts!
The sting hits Terence.
Terence is poisoned.
Terence is lightly wounded.
Terence zaps a wand.
The bolt of dispelling energy hits you!
The sting hits Terence but does no damage.
Terence looks even sicker.
Terence is lightly wounded.
The sting misses Terence.
Terence hits you from afar with a +0 trident.
Terence zaps a wand.
The bolt of dispelling energy hits you!!
Ouch! That really hurt!
You die...

.......# #....######
.......# #.........#
.......# ##.........#
.......####...........#
.......#... #........#
#'######.# #...r@...####
#.#####..# #+#..[......
..#......######.#.........
#...............@.........
#.#.#....######.#.........
..#...##.# #.#########.
..##..##.######.#
......##........#
......########### ...>.##
###.## #.


You could see Terence (very poisoned) and a rat.

Vanquished Creatures
  An adder (D:2)
  6 endoplasms
  3 hobgoblins
  2 kobolds (D:1)
  3 quokkas
  4 ball pythons (D:1)
  2 bats (D:1)
  A frilled lizard (D:1)
  A goblin (D:1)
  2 rats (D:1)
25 creatures vanquished.

Notes
Turn   | Place    | Note
-------+----------+-------------------------------------------
     0 | D:1      | KennySheep the Demigod Venom Mage began the quest for the
                  | Orb.
     0 | D:1      | Reached XP level 1. HP: 14/14 MP: 5/5
   287 | D:1      | Reached skill level 3 in Poison Magic
   498 | D:1      | Reached XP level 2. HP: 20/20 MP: 1/7
  1458 | D:2      | Reached XP level 3. HP: 21/26 MP: 5/9
  1596 | D:2      | Noticed Terence
  1603 | D:2      | Killed from afar by Terence

Illustrated notes

Levels and vault maps discovered:
D:1:      matt_arrival_spirals, layout_basic,
          chequers_ecumenical_altar_simple_redux
D:2:      layout_basic, serial_shops, nicolae_shop_statue_plus, uniq_terence

Skill      XL: |  1 |
---------------+----+-----
Poison Magic   | 3 |  3.6
Spellcasting   | 2 |  2.2
Dodging        | |  1.7
Stealth        | |  1.7
Transmutations | |  0.8

Action                   || total
-------------------------++-------
Melee: Dagger            ||     8
 Cast: Sting             ||    59
  Use: Scroll            ||     2
Armor: Robe              ||     4
Dodge: Dodged            ||    22

Table legend: (Time is in decaauts)
 A = Elapsed time spent in this place.
 B = Non-inter-level travel time spent in this place.
 C = Inter-level travel time spent in this place.
 D = Time resting spent in this place.
 E = Time spent auto-exploring this place.
 F = Levels seen in this place.
 G = Mean time per level.
                   A        B        C        D        E       F      G
               +--------+--------+--------+--------+--------+-----+--------+
         Total |   1602 |   1568 |     34 |     50 |   1350 |   2 |  801.0 |
       Dungeon |   1602 |   1568 |     34 |     50 |   1350 |   2 |  801.0 |
               +--------+--------+--------+--------+--------+-----+--------+

Top non-repeatable levels by time:
     D:1: 1335 daAuts
     D:2: 266 daAuts
